 Dungeon Crawl Stone Soup version 0.24.0-37-gcf1ca852f1 (webtiles) character file.

Game seed: 11425497343010740321, levelgen mode: deterministic

1186 sankara the Ruffian (level 8, -2/61 HPs)
             Began as a Ghoul Necromancer on Nov 25, 2019.
             Was an Initiate of Kikubaaqudgha.
             Slain by a bullfrog (7 damage)
             ... on level 6 of the Dungeon.
             The game lasted 00:38:03 (5710 turns).

sankara the Ruffian (Ghoul Necromancer)             Turns: 5710, Time: 00:38:07

Health: -2/61      AC:  5    Str: 12      XL:     8   Next: 42%
Magic:  9/9        EV: 12    Int: 11 (12) God:    Kikubaaqudgha [......]
Gold:   263        SH:  0    Dex:  9      Spells: 2/10 levels left

rFire    . . .     SeeInvis .     - Unarmed
rCold    + . .     Gourm    .   (no shield)
rNeg     + + +     Faith    .   n - +0 leather armour
rPois    ∞         Spirit   .   m - +0 helmet
rElec    .         Reflect  .   A - +0 cloak
rCorr    .         Harm     .   (no gloves)
MR       .....                  (no boots)
Stlth    +.........             (no amulet)
HPRegen  0.00/turn              (no ring)
MPRegen  0.11/turn              (no ring)

@: rotting
A: rotting body, claws 1, carnivore, cold resistance 1, negative energy
resistance 3, inhibited regeneration, torment resistance, unbreathing
a: Renounce Religion


You were on level 6 of the Dungeon.
You worshipped Kikubaaqudgha.
Kikubaaqudgha was noncommittal.
You were not hungry.

You visited 2 branches of the dungeon, and saw 7 of its levels.
You also visited: Sewer.

You collected 263 gold pieces.

Inventory:

Hand Weapons
 h - a +0 short sword
 j - a +0 hunting sling
 k - a +0 dagger
 o - a +1 short sword of venom
 r - a +0 rapier
 x - a +0 dagger of speed
 D - a +0 antimagic short sword
 I - the cursed +1 long sword of Rulera {drain, *Noise rPois Str+4 Stlth+, unknown}
   (You found it on level 5 of the Dungeon)

   A truly terrible weapon, it drains the life of those it strikes.
   It affects your strength (+4).
   It protects you from poison.
   It may make noises in combat.
   It makes you more stealthy.
   It has a curse placed upon it.
Missiles
 g - 191 stones (quivered)
 l - 2 boomerangs of dispersal
 y - 6 datura-tipped darts
 H - 6 boomerangs
Armour
 e - a +1 hat
 m - a +0 helmet (worn)
 n - a +0 leather armour (worn)
 A - a +0 cloak (worn)
Wands
 C - a wand of digging (4)
 G - a wand of polymorph (5)
Scrolls
 a - a scroll of immolation {unknown}
 b - a scroll of noise {unknown}
 f - 7 scrolls of identify {unknown}
 i - 2 scrolls of enchant armour {unknown}
 p - 3 scrolls of fear {unknown}
 q - 5 scrolls of teleportation {unknown}
 s - 2 scrolls of fog {unknown}
 w - 3 scrolls of amnesia {unknown}
 J - a scroll of remove curse {unknown}
Potions
 d - 3 potions of degeneration
 t - a potion of agility
 u - 2 potions of flight
 v - 2 potions of invisibility {unknown}
 z - 3 potions of curing
 B - 2 potions of heal wounds {unknown}
 F - a potion of lignification {unknown}
Comestibles
 c - 11 rations


   Skills:
 + Level 1.9 Fighting
 + Level 4.3 Armour
 + Level 2.4 Dodging
 - Level 2.1 Stealth
 + Level 7.8 Unarmed Combat
 - Level 1.7 Spellcasting
 - Level 5.1 Necromancy


You had 2 spell levels left.
You knew the following spells:

 Your Spells              Type           Power        Failure   Level  Hunger
a - Pain                  Necr           ##..         4%          1    ##.....
b - Animate Skeleton      Necr           N/A          4%          1    ##.....
c - Vampiric Draining     Necr           ##........   14%         3    ####...
d - Regeneration          Chrm/Necr      #.........   36%         3    ####...

Your spell library contained the following spells:

 Spells                   Type           Power        Failure   Level  Hunger
 Apportation              Tloc           #.....       36%         1    ##.....
 Summon Butterflies       Summ           #.......     36%         1    ##.....
 Animate Dead             Necr           N/A          43%         4    #####..
 Lesser Beckoning         Tloc           #.........   75%         3    ####...
 Tukima's Dance           Hex            #.......     75%         3    ####...
 Alistair's Intoxication  Tmut/Pois      #.......     100%        5    ######.
 Invisibility             Hex            #.......     100%        6    #######


Dungeon Overview and Level Annotations

Branches:
Dungeon (6/15)             Temple (1/1) D:5           Sewer (visited)

Altars:
Ashenzari
Cheibriados
Dithmenos
Elyvilon
Fedhas
Gozag
Hepliaklqana
Kikubaaqudgha
Makhleb
Nemelex Xobeh
Okawaru
Qazlal
Ru
Sif Muna
Trog
Wu Jian
Xom
Yredelemnul
Zin

Shops:
D:4 *


Innate Abilities, Weirdness & Mutations

Your body is rotting away.
You thrive on raw meat.
You are immune to poison.
You have sharp fingernails.
You are carnivorous and can eat meat at any time.
Your flesh is cold resistant. (rC+)
You are immune to negative energy. (rN+++)
You do not regenerate when monsters are visible.
You are immune to unholy pain and torment.
You can survive without breathing.


Message History

Your leather armour prevents you from hitting the bullfrog.
The bullfrog hits you.
* * * LOW HITPOINT WARNING * * *
Your orc priest skeleton hits the bullfrog with a +0 falchion.
You scratch the bullfrog.
The bullfrog is heavily wounded.
The bullfrog hits you.
* * * LOW HITPOINT WARNING * * *
You scratch the bullfrog. You claw the bullfrog.
The bullfrog is almost dead.
The bullfrog hits you.
* * * LOW HITPOINT WARNING * * *
Your orc priest skeleton barely misses the bullfrog.
You completely miss the bullfrog.
The bullfrog is almost dead.
The bullfrog hits you.
* * * LOW HITPOINT WARNING * * *
The bullfrog hits you!
You die...
Kikubaaqudgha rasps: "You have failed me!
Welcome... oblivion!"

####.# .##.#.##. #....#
......... ##<#
......... #..#
#........ ####.##
#........ #....#
#........ #....####
#)#.#
#.......####)#F####
#....##.......@Z..#
#########.........#####
#..............
#.........#####
###########


You could see a bullfrog and a friendly orc priest skeleton.

Vanquished Creatures
  A sky beast (D:5)
  3 eyes of draining (D:4)
  An ogre (D:5)
  A hound (D:5)
  An orc priest (D:6)
  4 orc wizards
  Natasha (thrice) (D:2)
  5 worker ants
  A killer bee zombie (D:6)
  Robin (D:2)
  A gnoll (D:4)
  11 adders
  4 oozes (Sewer)
  3 worms (Sewer)
  2 dart slugs
  7 leopard geckos
  25 orcs
  2 ball pythons
  8 giant cockroaches
  10 goblins
  10 hobgoblins
  8 jackals
  2 quokkas
  11 bats
  4 frilled lizards
  A jackal zombie (D:5)
  8 kobolds
  A leopard gecko skeleton (D:5)
  A leopard gecko zombie (D:3)
  8 rats
148 creatures vanquished.

Vanquished Creatures (collateral kills)
  A jelly (D:5)
  An adder (D:5)
  An ooze (Sewer)
  A dart slug (D:1)
  A leopard gecko (D:1)
  6 bats
  4 goblins
  4 hobgoblins (D:1)
  A ball python (Sewer)
  A frilled lizard (D:3)
21 creatures vanquished.

Grand Total: 169 creatures vanquished

Notes
Turn   | Place    | Note
-------+----------+-------------------------------------------
     0 | D:1      | sankara the Ghoul Necromancer began the quest for the Orb.
     0 | D:1      | Reached XP level 1. HP: 14/14 MP: 2/2
    29 | D:1      | Learned a level 1 spell: Animate Skeleton
    58 | D:1      | Reached skill level 1 in Unarmed Combat
   107 | D:1      | Reached XP level 2. HP: 15/20 MP: 3/3
   135 | D:1      | Reached skill level 2 in Unarmed Combat
   297 | D:1      | Reached XP level 3. HP: 21/26 MP: 2/4
   461 | D:1      | Reached skill level 3 in Unarmed Combat
   669 | D:2      | Learned a level 3 spell: Vampiric Draining
   874 | D:2      | Reached skill level 4 in Unarmed Combat
   874 | D:2      | Reached XP level 4. HP: 18/33 MP: 5/5
  1002 | D:2      | Noticed Natasha
  1005 | D:2      | Killed Natasha
  1052 | D:2      | Noticed Robin
  1115 | D:2      | Noticed Natasha
  1121 | D:2      | Killed Natasha
  1121 | D:2      | Reached skill level 5 in Unarmed Combat
  1121 | D:2      | Reached XP level 5. HP: 25/38 MP: 4/6
  1154 | D:2      | Killed Robin
  1330 | D:2      | Noticed Natasha
  1342 | D:2      | Killed Natasha
  1780 | D:2      | Found a shadowy altar of Dithmenos.
  2151 | D:3      | Found a glowing drain.
  2189 | Sewer    | Entered a sewer
  2204 | Sewer    | Reached skill level 1 in Armour
  2204 | Sewer    | Reached XP level 6. HP: 24/45 MP: 5/7
  3073 | D:3      | Found a bloodstained altar of Trog.
  3432 | D:3      | Reached skill level 6 in Unarmed Combat
  3595 | D:3      | Found an ornate altar of the Wu Jian Council.
  3799 | D:4      | Found an opulent altar of Gozag.
  3799 | D:4      | Found Gozag's Platinum Reserve.
  3865 | D:4      | Reached XP level 7. HP: 48/50 MP: 8/8
  3974 | D:4      | Learned a level 3 spell: Regeneration
  4135 | D:4      | Found a bloodstained altar of Trog.
  4147 | D:4      | Reached skill level 5 in Necromancy
  4152 | D:4      | HP: 2/50 [gnoll/+1 antimagic halberd (12)]
  4703 | D:4      | Reached skill level 7 in Unarmed Combat
  4716 | D:5      | Entered Level 5 of the Dungeon
  4796 | D:5      | Found a stormy altar of Qazlal.
  4838 | D:5      | Found a staircase to the Ecumenical Temple.
  4868 | D:5      | Got a fine long sword
  4870 | D:5      | Reached XP level 8. HP: 29/57 MP: 7/9
  4892 | Temple   | Entered the Ecumenical Temple
  5013 | Temple   | Became a worshipper of Kikubaaqudgha
  5100 | D:5      | Found a shimmering altar of Xom.
  5226 | D:5      | Reached skill level 1 in Fighting
  5710 | D:6      | Slain by a bullfrog

Levels and vault maps discovered:
D:1:      minmay_arrival_wavy_path, layout_rooms, st_stairs_7,
          skrybe_limestone_x
D:2:      layout_basic, first_ration, serial_corexii_hall,
          chequers_hall_statues_corner_a, chequers_hall_statues_wall_a,
          chequers_hall_statues_corner_a, chequers_hall_statues_wall_a,
          chequers_hall_statues_corner_a, corexii_hall_statues_s,
          nicolae_dithmenos_through_a_glass_darkly, uniq_robin, uniq_natasha
D:3:      layout_loops_ring, marbit_many_paths, lemuel_doored_altar,
          portal_sewer_entry_f
D:4:      layout_basic, nicolae_gozag_zags_fifth_avenue, trog_eyes_of_draining
D:5:      layout_basic, nicolae_qazlal_general_emergency, xom_teletrap_fun,
          minmay_temple_entry_arrows
D:6:      layout_rooms, grunt_ministairs_2, uniq_crazy_yiuf_cottage,
          uniq_eustachio, uniq_menkaure
Temple:   jpeg_temple_clearing

Skill      XL: |  1  2  3  4  5  6  7  8 |
---------------+-------------------------+-----
Unarmed Combat | 1 2 4 5 6 7 |  7.8
Armour         | 1 2 3 4 |  4.3
Necromancy     | 5 |  5.1
Dodging        | 2 |  2.4
Fighting       | 1 |  1.9
Stealth        | |  2.1
Spellcasting   | |  1.7

Action                   |  1- 3 |  4- 6 |  7- 9 || total
-------------------------+-------+-------+-------++-------
Melee: Unarmed           |   140 |   367 |   189 ||   696
       Punch             |     1 |     2 |     8 ||    11
 Cast: Animate Skeleton  |    16 |    38 |     8 ||    62
  Use: Potion            |       |     5 |       ||     5
 Stab: Sleeping          |       |     4 |     1 ||     5
  Eat: Chunk             |    24 |    67 |    21 ||   112
Armor: Robe              |    18 |     6 |       ||    24
       Leather armour    |       |   134 |    36 ||   170
Dodge: Dodged            |    84 |   249 |    72 ||   405
